 Dungeon Crawl Stone Soup version 0.22.1-6-g1668fe2 (webtiles) character file.

3078 Fang the Cleaver (level 9, -3/85 HPs)
             Began as a Gargoyle Berserker on Feb 1, 2019.
             Was an Elder of Trog.
             Slain by a death knight
             ... wielding a cursed -2 morningstar
              (10 damage)
             ... on level 8 of the Dungeon on Feb 4, 2019.
             The game lasted 00:10:46 (7843 turns).

Fang the Cleaver (Gargoyle Berserker)               Turns: 7843, Time: 00:10:46

Health: -3/85      AC: 19    Str: 29    XL:     9   Next: 89%
Magic:  9/9        EV:  8    Int:  8    God:    Trog [****..]
Gold:   173        SH:  3    Dex:  9    Spells: 8/8 levels left

rFire    x . .     SeeInvis +   o - +0 war axe
rCold    + . .     Gourm    .   (no shield)
rNeg     + . .     Faith    .   f - +0 plate armour
rPois    ∞         Spirit   .   (no helmet)
rElec    +         Reflect  +   (no cloak)
rCorr    .         Harm     .   (no gloves)
MR       .....                  (no boots)
Stlth    ..........             a - +3 amulet of reflection
HPRegen  0.24/turn              x - ring of ice
MPRegen  0.11/turn              y - ring of see invisible

@: berserking, very quick
A: negative energy resistance 1, electricity resistance, unbreathing,
petrification resistance, rot immunity, AC +6
a: Berserk, Trog's Hand, Brothers in Arms, Renounce Religion


You were on level 8 of the Dungeon.
You worshipped Trog.
Trog was greatly pleased with you.
You were near starving.

You visited 2 branches of the dungeon, and saw 9 of its levels.

You collected 398 gold pieces.
You spent 225 gold pieces at shops.

Inventory:

Hand Weapons
 o - a +0 war axe (weapon)
Armour
 f - a +0 plate armour (worn)
Jewellery
 a - a +3 amulet of reflection (around neck)
 x - a ring of ice (left hand)
 y - a ring of see invisible (right hand)
Wands
 m - a wand of iceblast (8)
 w - a wand of flame (22)
 B - a wand of random effects (25)
Scrolls
 b - 3 scrolls of magic mapping {unknown}
 g - 3 scrolls of fear {unknown}
 h - 3 scrolls of amnesia {unknown}
 i - 2 scrolls of identify {unknown}
 j - 4 scrolls of remove curse {unknown}
 l - a scroll of teleportation {unknown}
 n - a scroll of random uselessness {unknown}
 q - a scroll of blinking {unknown}
 r - a scroll of enchant armour {unknown}
 s - a scroll of torment {unknown}
 v - 2 scrolls of immolation {unknown}
Potions
 d - a potion of ambrosia {unknown}
 e - 4 potions of curing {unknown}
 k - 2 potions of brilliance {unknown}
 p - 4 potions of heal wounds {unknown}
 t - a potion of flight {unknown}
 u - a potion of cancellation {unknown}
 z - a potion of magic {unknown}
Comestibles
 c - 11 rations


   Skills:
 + Level 7.3 Fighting
 + Level 9.2 Axes
 + Level 7.8 Armour
 + Level 2.3 Dodging
 + Level 0.7 Stealth


You had 8 spell levels left.
You didn't know any spells.
Your spell library was empty.

Dungeon Overview and Level Annotations

Branches:
Dungeon (8/15)             Temple (1/1) D:7
   Lair: D:8-11

Altars:
Cheibriados
Gozag
Kikubaaqudgha
Makhleb
Nemelex Xobeh
Sif Muna
Uskayaw
Vehumet
Xom
Yredelemnul
Zin
The Shining One

Shops:
D:5 [*(   D:6 =


Innate Abilities, Weirdness & Mutations

You are resistant to torment.
Your stone body is resilient. (AC +6)
You are immune to poison.
You resist negative energy. (rN+)
You are resistant to electric shocks. (rElec)
You can survive without breathing.
You are immune to petrification.
You are immune to rotting.


Message History

You feel the power of Trog in you as your rage grows.
You kill the leopard gecko!
Trog accepts your kill.
Unknown command.
You slash the death knight!
The death knight is moderately wounded.
The death knight hits you with an enchanted morningstar!
* * * LOW HITPOINT WARNING * * *
You completely miss the death knight.
The death knight is moderately wounded.
Unknown command.
You barely miss the death knight.
The death knight is moderately wounded.
The death knight hits you with an enchanted morningstar!
* * * LOW HITPOINT WARNING * * *
Unknown command.
You slash the death knight!
The death knight is heavily wounded.
The death knight hits you with an enchanted morningstar!
You die...

#<.....# #.####...
#.## #..######
#.......##
#..####..# #..#
##.###### #..#
##...!).#.##. ##.#
#...†@p......
..........)....#..
.............###
......$....###
........###
......### ....##
.##


You could see a death knight.

Vanquished Creatures
  A wraith (D:8)
  Eustachio (D:5)
  A hungry ghost (D:7)
  Edmund (D:5)
  Duvessa (D:7)
  An orc warrior (D:6)
  2 ice beasts
  5 ogres
  A black bear (D:7)
  A necrophage (D:6)
  A centaur (D:7)
  2 bullfrogs (D:6)
  Dowan (D:7)
  3 killer bees (D:7)
  3 crimson imps
  2 bullfrog zombies
  A jelly (D:8)
  Crazy Yiuf (D:7)
  5 orc priests
  2 hounds
  6 orc wizards
  A centaur skeleton (D:6)
  2 iguanas
  6 worker ants
  A mummy (D:7)
  4 gnolls (D:7)
  A howler monkey skeleton (D:7)
  12 adders
  A shadow imp (D:7)
  2 oozes
  3 worms
  A dart slug (D:3)
  4 leopard geckos
  29 orcs
  A ball python (D:2)
  9 bats
  4 giant cockroaches
  10 goblins
  5 hobgoblins
  12 jackals
  3 quokkas
  5 frilled lizards
  6 kobolds
  7 rats
  2 fungi (D:1)
173 creatures vanquished.

Vanquished Creatures (others)
  A fungus (D:1)
1 creature vanquished.

Grand Total: 174 creatures vanquished

Notes
Turn   | Place    | Note
-------+----------+-------------------------------------------
     0 | D:1      | Fang the Gargoyle Berserker began the quest for the Orb.
     0 | D:1      | Reached XP level 1. HP: 14/14 MP: 1/1
   208 | D:1      | Reached XP level 2. HP: 18/19 MP: 2/2
   301 | D:1      | Reached skill level 3 in Axes
   618 | D:1      | Reached XP level 3. HP: 24/24 MP: 3/3
   998 | D:2      | Found an ancient bone altar of Kikubaaqudgha.
   998 | D:2      | Found a hide-covered altar of Uskayaw.
   999 | D:2      | Found a glowing silver altar of Zin.
   999 | D:2      | Found an opulent altar of Gozag.
   999 | D:2      | Found a glowing golden altar of the Shining One.
  1174 | D:2      | Reached ** piety under Trog
  1408 | D:2      | Reached XP level 4. HP: 29/29 MP: 4/4
  1729 | D:3      | Reached skill level 4 in Axes
  1731 | D:3      | Reached XP level 5. HP: 33/33 MP: 5/5
  2291 | D:4      | Noticed an ogre
  2298 | D:4      | Killed an ogre
  2298 | D:4      | Reached XP level 6. HP: 16/39 MP: 6/6
  2299 | D:4      | Reached *** piety under Trog
  2302 | D:4      | Reached skill level 5 in Axes
  2698 | D:4      | Reached XP level 7. HP: 44/44 MP: 7/7
  3087 | D:4      | HP: 2/44 [ogre/giant club (11)]
  3725 | D:5      | Entered Level 5 of the Dungeon
  4130 | D:5      | Reached skill level 6 in Axes
  4132 | D:5      | Noticed Edmund
  4169 | D:5      | Killed Edmund
  4169 | D:5      | Reached skill level 5 in Fighting
  4169 | D:5      | Reached skill level 5 in Armour
  4303 | D:5      | Found Diqomol's Assorted Antiques.
  4341 | D:5      | Reached XP level 8. HP: 29/49 MP: 8/8
  4422 | D:5      | Found Kahougih's Armour Boutique.
  4587 | D:5      | Found a sparkling altar of Nemelex Xobeh.
  4628 | D:5      | Found a shimmering altar of Xom.
  4678 | D:5      | Noticed Eustachio
  4723 | D:5      | Killed Eustachio
  4723 | D:5      | Reached skill level 7 in Axes
  4866 | D:5      | Found Pataleyt's Weapon Shop.
  5021 | D:6      | Reached **** piety under Trog
  5205 | D:6      | Found a radiant altar of Vehumet.
  5520 | D:6      | Reached XP level 9. HP: 40/55 MP: 9/9
  5878 | D:6      | Reached skill level 8 in Axes
  6088 | D:6      | Found Byab Apn's Jewellery Boutique.
  6122 | D:6      | Bought an uncursed ring of see invisible for 225 gold
                  | pieces
  6678 | D:7      | Found a staircase to the Ecumenical Temple.
  7068 | Temple   | Entered the Ecumenical Temple
  7224 | D:7      | Noticed Duvessa
  7232 | D:7      | Killed Duvessa
  7232 | D:7      | Noticed Dowan
  7242 | D:7      | Killed Dowan
  7242 | D:7      | Reached skill level 9 in Axes
  7434 | D:7      | Found a runed door.
  7541 | D:7      | Found a snail-covered altar of Cheibriados.
  7747 | D:7      | Noticed Crazy Yiuf
  7758 | D:7      | Killed Crazy Yiuf
  7824 | D:8      | Noticed a death knight
  7843 | D:8      | Slain by a death knight

Skill      XL: |  1  2  3  4  5  6  7  8  9 |
---------------+----------------------------+-----
Axes           | 3 4 5 6 7 9 |  9.2
Fighting       | 4 5 6 7 |  7.3
Armour         | 3 4 5 6 7 |  7.8
Dodging        | 2 |  2.3
Stealth        | |  0.7

Action                   |  1- 3 |  4- 6 |  7- 9 || total
-------------------------+-------+-------+-------++-------
Melee: Hand axe          |   168 |   143 |   145 ||   456
       War axe           |       |       |   278 ||   278
Invok: Berserk           |       |     3 |     5 ||     8
       Trog's Hand       |       |       |     1 ||     1
  Eat: Chunk             |     2 |     7 |    13 ||    22
       Ration            |       |       |     3 ||     3
Armor: Plate armour      |   145 |   145 |   333 ||   623
       Animal skin       |     4 |       |       ||     4
Dodge: Dodged            |    66 |    58 |   171 ||   295
Block: Other             |       |       |    21 ||    21
       Reflection        |       |       |     2 ||     2
